 Dungeon Crawl Stone Soup version 0.24.0-123-gd5b16e6ec5 (webtiles) character file.

Game seed: 3741377523893774647, levelgen mode: deterministic

61040 Crl the Protected (level 14, -7/133 HPs)
             Began as a Minotaur Fighter on Dec 29, 2019.
             Was the Champion of Okawaru.
             Killed from afar by a starcursed mass (16 damage)
             ... with an accursed screaming
             ... on level 3 of the Abyss on Dec 31, 2019.
             The game lasted 00:56:03 (20298 turns).

Crl the Protected (Minotaur Fighter)               Turns: 20298, Time: 00:56:03

Health: -7/133     AC: 20    Str: 26    XL:     14   Next: 59%
Magic:  19/19      EV:  7    Int:  8    God:    Okawaru [******]
Gold:   1788       SH: 20    Dex: 10    Spells: 13/13 levels left

rFire    + + +     SeeInvis .   c - +4 demon trident of Absolution {pain, rF++}
rCold    + . .     Gourm    .   m - +0 large shield
rNeg     + . .     Faith    +   k - +1 storm dragon scales
rPois    .         Spirit   .   V - +0 hat "Norisom" {rC+ Int+3}
rElec    +         Reflect  .   (no cloak)
rCorr    .         Harm     .   K - +0 pair of gloves
MR       +....     Clarity  +   b - +0 pair of boots
Stlth    ..........             J - amulet of faith
HPRegen  0.32/turn              j - +5 ring of slaying
MPRegen  0.16/turn              A - ring of positive energy

@: no status effects
A: retaliatory headbutt, horns 2, clarity, fire resistance 1
a: Heroism, Finesse, Renounce Religion


You were on level 3 of the Abyss.
You worshipped Okawaru.
Okawaru was exalted by your worship.
You were not hungry.

You visited 4 branches of the dungeon, and saw 17 of its levels.
You visited the Abyss 1 time.
You also visited: Ice Cave.

You collected 1788 gold pieces.

Inventory:

Hand Weapons
 c - the +4 demon trident of Absolution (weapon) {pain, rF++}
   (Okawaru gifted it to you on level 2 of the Lair of Beasts)

   In the hands of one skilled in necromantic magic, it inflicts extra damage on
   living creatures.
   It greatly protects you from fire.
 i - the +7 whip "Othig" {freeze, rElec}
   (You found it on level 9 of the Dungeon)

   It has been specially enchanted to freeze those struck by it, causing extra
   injury to most foes and up to half again as much damage against particularly
   susceptible opponents.
   It can also slow down cold-blooded creatures.
   It insulates you from electricity.
 E - the cursed +1 rapier of Otaer {pain, rElec Str+3 Int+3, unknown}
   (You found it on level 2 of the Abyss)

   In the hands of one skilled in necromantic magic, it inflicts extra damage on
   living creatures.
   It affects your strength (+3).
   It affects your intelligence (+3).
   It insulates you from electricity.
   It has a curse placed upon it.
 P - the +1 broad axe "Fecou" {flame, rElec rN+++ Str+6 Dex-2, unknown}
   (Okawaru gifted it to you on level 2 of the Abyss)

   It has been specially enchanted to burn those struck by it, causing extra
   injury to most foes and up to half again as much damage against particularly
   susceptible opponents.
   Big, fiery blades are also staple armaments of hydra-hunters.
   It affects your strength (+6).
   It affects your dexterity (-2).
   It insulates you from electricity.
   It renders you almost immune to negative energy.
Missiles
 e - 42 arrows
 y - 5 datura-tipped darts
 B - 16 poisoned darts
 D - 12 boomerangs
 G - 28 sling bullets
 H - 20 stones
 N - 2 throwing nets (quivered)
Armour
 b - a +0 pair of boots (worn)
   (You found it on level 1 of the Lair of Beasts)
 k - +1 storm dragon scales (worn)
   (You found it on level 1 of the Dungeon)
 m - a +0 large shield (worn)
   (You found it on level 2 of the Lair of Beasts)
 K - a +0 pair of gloves (worn)
   (You found it on level 6 of the Dungeon)
 V - the +0 hat "Norisom" (worn) {rC+ Int+3}
   (Okawaru gifted it to you on level 2 of the Lair of Beasts)

   It affects your intelligence (+3).
   It protects you from cold.
Jewellery
 j - a +5 ring of slaying (left hand)
   (You found it on level 5 of the Dungeon)
 o - an uncursed ring of poison resistance
   (You found it on level 5 of the Lair of Beasts)
 x - an uncursed ring of ice
   (You found it on level 3 of the Dungeon)
 A - a ring of positive energy (right hand)
   (You found it on level 1 of the Dungeon)
 J - an amulet of faith (around neck)
   (You found it in an ice cave)
 S - an uncursed amulet of the gourmand
   (You found it in an ice cave)
Wands
 M - a wand of enslavement (20)
   (You found it on level 1 of the Lair of Beasts)
 R - a wand of paralysis (15)
   (You found it on level 3 of the Lair of Beasts)
Scrolls
 a - a scroll of summoning {unknown}
 p - 2 scrolls of enchant armour
 r - 2 scrolls of identify
 t - 5 scrolls of teleportation
 u - 7 scrolls of remove curse
 z - 2 scrolls of blinking
 C - 3 scrolls of random uselessness {unknown}
 F - a scroll of fear {unknown}
 I - a scroll of fog
 L - a scroll of holy word
 O - a scroll of magic mapping
 W - 3 scrolls of immolation
Potions
 d - a potion of might
 g - 4 potions of lignification
 h - 3 potions of haste
 l - 4 potions of flight
 n - 3 potions of resistance
 q - 8 potions of curing
 s - a potion of agility
 v - 2 potions of berserk rage {unknown}
 w - a potion of heal wounds
 Q - a potion of cancellation
Comestibles
 f - 22 rations


   Skills:
 + Level 14.6 Fighting
 + Level 14.4 Polearms
 + Level 14.6 Armour
 + Level 14.6 Shields
 + Level 8.8 Invocations


You had 13 spell levels left.
You didn't know any spells.
Your spell library contained the following spells:

 Spells                   Type           Power        Failure   Level  Hunger
 Beastly Appendage        Tmut           #.....       100%        1    ##.....
 Shock                    Conj/Air       #...         100%        1    ##.....
 Sting                    Conj/Pois      #...         100%        1    ##.....
 Summon Small Mammal      Summ           #...         100%        1    ##.....
 Call Imp                 Summ           #.......     100%        2    ###....
 Poisonous Vapours        Pois/Air       #.....       100%        2    ###....
 Sticks to Snakes         Tmut           #.......     100%        2    ###....
 Swiftness                Chrm/Air       #.......     100%        2    ###....
 Call Canine Familiar     Summ           #.......     100%        3    ####...
 Conjure Flame            Conj/Fire      #.......     100%        3    ####...
 Inner Flame              Hex/Fire       #.......     100%        3    ####...
 Mephitic Cloud           Conj/Pois/Air  #.......     100%        3    ####...
 Recall                   Summ/Tloc      N/A          100%        3    ####...
 Spider Form              Tmut/Pois      #.........   100%        3    ####...
 Static Discharge         Conj/Air       #.......     100%        3    ####...
 Summon Guardian Golem    Hex/Summ       #.......     100%        3    ####...
 Airstrike                Air            #.........   100%        4    #####..
 Ice Form                 Ice/Tmut       #.......     100%        4    #####..
 Leda's Liquefaction      Hex/Erth       #.........   100%        4    #####..
 Olgreb's Toxic Radiance  Pois           #.......     100%        4    #####..
 Summon Ice Beast         Ice/Summ       #.......     100%        4    #####..
 Summon Lightning Spire   Summ/Air       #.......     100%        4    #####..
 Aura of Abjuration       Summ           #.........   100%        5    ######.
 Blade Hands              Tmut           #.........   100%        5    ######.
 Bolt of Magma            Conj/Fire/Erth #.........   100%        5    ######.
 Lightning Bolt           Conj/Air       #.........   100%        5    ######.
 Summon Demon             Summ           #.........   100%        5    ######.
 Summon Forest            Summ/Tloc      #.........   100%        5    ######.
 Summon Mana Viper        Hex/Summ       #.......     100%        5    ######.
 Venom Bolt               Conj/Pois      #.........   100%        5    ######.
 Iron Shot                Conj/Erth      #.........   100%        6    #######
 Shadow Creatures         Summ           N/A          100%        6    #######
 Statue Form              Tmut/Erth      #........    100%        6    #######
 Shatter                  Erth           #.........   100%        9    #######


Dungeon Overview and Level Annotations

Branches:
Dungeon (9/15)             Temple (1/1) D:5            Lair (6/6) D:8
 Shoals (0/4) Lair:2        Snake (0/4) Lair:4        Slime (0/5) Lair:5
    Orc (1/2) D:9           IceCv (visited)

Altars:
Ashenzari
Cheibriados
Dithmenos
Elyvilon
Fedhas
Gozag
Hepliaklqana
Kikubaaqudgha
Makhleb
Nemelex Xobeh
Okawaru
Qazlal
Ru
Sif Muna
Trog
Uskayaw
Vehumet
Wu Jian
Xom
Yredelemnul
Zin
The Shining One
Beogh

Annotations:
Orc:1 Erolcha


Innate Abilities, Weirdness & Mutations

You reflexively headbutt those who attack you in melee.
You have a pair of horns on your head.
You possess an exceptional clarity of mind.
Your flesh is heat resistant. (rF+)


Message History

You block the wight's attack.
The starcursed mass engulfs you but does no damage. x2
A deafening chorus of shrieks assaults your mind!
The starcursed mass completely misses you.
A deafening chorus of shrieks assaults your mind!
* * * LOW HITPOINT WARNING * * *
A starcursed mass splits.
The starcursed mass engulfs you.
* * * LOW HITPOINT WARNING * * *
Tentacles burst from the starspawn's body!
A deafening chorus of shrieks assaults your mind!
* * * LOW HITPOINT WARNING * * *
2 starspawn tentacles come into view.
You see here 17 stones.
A deafening chorus of shrieks assaults your mind!
* * * LOW HITPOINT WARNING * * *
You suddenly lose the ability to move!
You can move again.
You feel magically purged.
You block the starcursed mass's attack. x2
A deafening chorus of shrieks assaults your mind!
You die...

## ..# #. ...
##.###...
##.#.#....
#...X....
#..XX.#
##..││.#
####XXz│w.###
#..@XXX.>.).###
#.##(z.w..#...#
# ##.....#####
#.....# #.....#
#....## #...#..
#.#.....
#...##..


You could see 7 starcursed masses, a tentacled starspawn, 2 starspawn tentacles
and 2 wights.

Vanquished Creatures
  2 entropy weavers (Lair:4)
  The ghost of Ogeasyga the Destroyer, a journeyman DrCj of Sif Muna (Lair:4)
  Snorg (Lair:4)
  A fire dragon (Lair:6)
  Harold (D:7)
  A naga warrior (Abyss:2)
  2 ice dragons (IceCv)
  The ghost of Huxoxzufuz the Blocker, a journeyman GnFi of Hepliaklqana (Lair:2)
  5 hydras
  A catoblepas (Lair:2)
  A queen ant (Lair:4)
  Nergalle (Orc:1)
  A spectral death yak (Lair:4)
  A spatial maelstrom (Abyss:2)
  A wretched star (Abyss:2)
  A fire crab (Lair:6)
  3 spectral hydras
  A salamander (Abyss:2)
  An orc sorcerer (Orc:1)
  2 molten gargoyles (Lair:6)
  12 elephants
  A guardian serpent (Abyss:2)
  4 black mambas
  8 spiny frogs
  2 ice statues (IceCv)
  A torpor snail (Lair:3)
  Psyche (D:9)
  12 komodo dragons
  5 rime drakes
  A hellion (Abyss:2)
  A troll (D:9)
  2 ice devils (Lair:3)
  2 polar bears
  A hornet (D:8)
  Grinder (D:4)
  A spectral dream sheep (Lair:4)
  30 blink frogs
  5 raiju (Abyss:2)
  A ynoxinul (Abyss:2)
  7 hippogriffs
  13 yaks
  4 wyverns
  Sigmund (D:3)
  A steam dragon (Lair:6)
  Eustachio (D:4)
  4 basilisks
  2 wargs (D:9)
  2 large abominations (Abyss:2)
  Menkaure (D:7)
  A death yak simulacrum (Lair:4)
  9 water moccasins
  22 soldier ants (Lair:4)
  2 nagas (Abyss:2)
  3 hell hounds (Lair:6)
  7 porcupines
  4 sky beasts
  6 orc warriors
  4 black bears
  16 ice beasts
  A black mamba simulacrum (Lair:2)
  4 phantoms
  A small abomination (Abyss:2)
  4 ogres
  7 starcursed masses
  2 necrophages (D:5)
  5 centaurs
  18 crocodiles
  12 bullfrogs
  Blork the orc (D:5)
  2 spiny frog simulacra
  A water moccasin skeleton (D:8)
  2 scorpions
  18 killer bees
  An electric eel (Lair:2)
  3 howler monkeys (D:7)
  8 wights
  4 lava snakes (Lair:6)
  5 crimson imps
  A quasit (D:9)
  A komodo dragon simulacrum (Lair:2)
  4 hounds
  3 jellies
  8 orc priests
  2 centaur skeletons
  7 orc wizards
  9 iguanas
  Jessica (D:3)
  2 bullfrog skeletons
  28 worker ants
  A hound skeleton (D:7)
  A howler monkey zombie (D:9)
  A howler monkey skeleton (D:7)
  7 gnolls
  7 adders
  A shadow imp (D:5)
  4 oozes (Lair:5)
  2 adder zombies
  2 adder skeletons (D:4)
  A worm (D:7)
  3 dart slugs
  12 leopard geckos
  46 orcs
  7 giant cockroaches
  11 hobgoblins
  8 kobolds
  3 quokkas
  6 bats
  12 frilled lizards
  7 goblins
  A leopard gecko skeleton (D:5)
  9 rats
  A plant (Lair:4)
548 creatures vanquished.

Vanquished Creatures (others)
  A large abomination (Abyss:2)
  An elephant (Lair:5)
  A molten gargoyle (Lair:6)
  A raiju (Abyss:2)
  3 small abominations (Abyss:2)
  An orc priest (Orc:1)
  2 demonic plants (Abyss:3)
  14 fungi
  9 plants
33 creatures vanquished.

Grand Total: 581 creatures vanquished

Notes
Turn   | Place    | Note
-------+----------+-------------------------------------------
     0 | D:1      | Crl the Minotaur Fighter began the quest for the Orb.
     0 | D:1      | Reached XP level 1. HP: 19/19 MP: 0/0
   163 | D:1      | Reached XP level 2. HP: 27/27 MP: 1/1
   780 | D:2      | Reached XP level 3. HP: 33/33 MP: 2/2
  1661 | D:3      | Reached XP level 4. HP: 40/40 MP: 3/3
  1665 | D:3      | Noticed Jessica
  1749 | D:3      | Noticed Sigmund
  1768 | D:3      | Killed Sigmund
  1768 | D:3      | Reached skill level 5 in Fighting
  1768 | D:3      | Reached skill level 5 in Armour
  1768 | D:3      | Reached skill level 5 in Shields
  1768 | D:3      | Reached XP level 5. HP: 46/48 MP: 4/4
  1977 | D:3      | Killed Jessica
  1999 | D:3      | Reached XP level 6. HP: 56/56 MP: 5/5
  2401 | D:4      | Noticed Grinder
  2427 | D:4      | Killed Grinder
  2427 | D:4      | Reached XP level 7. HP: 44/62 MP: 6/6
  2659 | D:4      | Noticed Eustachio
  2713 | D:4      | Killed Eustachio
  2713 | D:4      | Reached skill level 5 in Polearms
  3276 | D:5      | Entered Level 5 of the Dungeon
  3381 | D:5      | Noticed Blork the orc
  3388 | D:5      | Killed Blork the orc
  3422 | D:5      | Found a staircase to the Ecumenical Temple.
  3433 | D:5      | Reached XP level 8. HP: 66/71 MP: 2/7
  3445 | Temple   | Entered the Ecumenical Temple
  3685 | Temple   | Became a worshipper of Warmaster Okawaru
  4140 | D:5      | Reached * piety under Okawaru
  4802 | D:6      | Reached XP level 9. HP: 64/81 MP: 2/8
  4811 | D:6      | Reached ** piety under Okawaru
  5480 | D:7      | Noticed Menkaure
  5500 | D:7      | Killed Menkaure
  5757 | D:7      | Noticed Harold
  5831 | D:7      | Killed Harold
  5831 | D:7      | Reached *** piety under Okawaru
  5831 | D:7      | Reached XP level 10. HP: 50/91 MP: 3/9
  6216 | D:7      | Found a snail-covered altar of Cheibriados.
  6591 | D:8      | Found a staircase to the Lair.
  6595 | D:8      | Found a burning altar of Makhleb.
  6726 | D:8      | Received a gift from Okawaru
  6734 | D:8      | Gained mutation: You possess an exceptional clarity of
                  | mind. [potion of mutation]
  6734 | D:8      | Gained mutation: Your flesh is heat resistant. (rF+)
                  | [potion of mutation]
  7868 | Lair:1   | Entered Level 1 of the Lair of Beasts
  7958 | Lair:1   | Reached skill level 10 in Shields
  7981 | Lair:1   | Reached skill level 10 in Armour
  7996 | Lair:1   | Reached skill level 10 in Fighting
  8147 | Lair:1   | Noticed a spiny frog
  8169 | Lair:1   | Killed a spiny frog
  8169 | Lair:1   | Reached **** piety under Okawaru
  8169 | Lair:1   | Reached skill level 10 in Polearms
  8765 | Lair:2   | Found a staircase to the Shoals.
  8765 | Lair:2   | Noticed a spiny frog
  8777 | Lair:1   | Killed a spiny frog
  8808 | Lair:2   | Noticed an elephant
  8835 | Lair:1   | Reached XP level 11. HP: 92/101 MP: 3/10
  8902 | Lair:2   | Found a runed translucent gate.
  8967 | Lair:2   | Reached ***** piety under Okawaru
  9210 | Lair:2   | Found a runed translucent gate.
  9212 | Lair:2   | Found a runed translucent gate.
  9237 | Lair:2   | Received a gift from Okawaru
  9260 | Lair:2   | Got a bloodstained demon trident {god gift}
  9261 | Lair:2   | Identified the +4 demon trident of Absolution {pain, rF++}
                  | (Okawaru gifted it to you on level 2 of the Lair of Beasts)
  9291 | Lair:2   | Reached skill level 1 in Invocations
  9383 | Lair:2   | Noticed a catoblepas
  9399 | Lair:2   | Killed a catoblepas
  9839 | Lair:2   | Received a gift from Okawaru
  9871 | Lair:2   | Got a pitted hat {god gift}
  9889 | Lair:2   | Identified the +0 hat "Norisom" {rC+ Int+3} (Okawaru gifted
                  | it to you on level 2 of the Lair of Beasts)
 10250 | Lair:2   | Noticed Huxoxzufuz's ghost (journeyman GnFi)
 10372 | Lair:2   | Reached XP level 12. HP: 93/112 MP: 11/13
 10381 | Lair:2   | Killed Huxoxzufuz's ghost
 10393 | Lair:2   | Identified the Tome of Scorching Contamination
 10471 | Lair:3   | Found a frozen archway.
 10490 | IceCv    | Entered an ice cave
 10923 | IceCv    | Noticed an ice dragon
 10943 | IceCv    | Killed an ice dragon
 10953 | IceCv    | Noticed an ice dragon
 10971 | IceCv    | Killed an ice dragon
 11404 | Lair:3   | Reached skill level 5 in Invocations
 11612 | Lair:3   | Reached ****** piety under Okawaru
 11659 | Lair:3   | Received a gift from Okawaru
 12358 | Lair:4   | Found a runed translucent gate.
 12358 | Lair:4   | Found a runed translucent gate.
 12358 | Lair:4   | Found a runed translucent gate.
 12442 | Lair:4   | Noticed Ogeasyga's ghost (journeyman DrCj)
 12457 | Lair:4   | Noticed a six-headed hydra
 12485 | Lair:4   | Killed a six-headed hydra
 12716 | Lair:4   | Killed Ogeasyga's ghost
 12716 | Lair:4   | Reached XP level 13. HP: 118/122 MP: 16/16
 13009 | Lair:4   | Noticed Snorg
 13022 | Lair:4   | Noticed an entropy weaver
 13022 | Lair:4   | Noticed an entropy weaver
 13037 | Lair:4   | Killed Snorg
 13834 | Lair:4   | Received a gift from Okawaru
 13835 | Lair:4   | Got a colourful robe {god gift}
 13961 | Lair:4   | Found a staircase to the Snake Pit.
 14135 | Lair:5   | Found a staircase to the Slime Pits.
 14512 | Lair:4   | Killed an entropy weaver
 14662 | Lair:4   | Killed an entropy weaver
 15645 | Lair:6   | Entered Level 6 of the Lair of Beasts
 15653 | Lair:6   | Received a gift from Okawaru
 16070 | Lair:6   | Reached XP level 14. HP: 121/132 MP: 18/18
 17045 | Lair:6   | Received a gift from Okawaru
 17171 | Lair:6   | Found a large runed translucent door.
 17171 | Lair:6   | Found a large runed translucent door.
 17736 | D:9      | Noticed Psyche
 17749 | D:9      | Killed Psyche
 17834 | D:9      | Got an ebony whip
 17841 | D:9      | Identified the +7 whip "Othig" {freeze, rElec} (You found
                  | it on level 9 of the Dungeon)
 17852 | D:9      | Found a staircase to the Orcish Mines.
 17883 | D:9      | Found a roughly hewn altar of Beogh.
 18696 | Orc:1    | Entered Level 1 of the Orcish Mines
 18696 | Orc:1    | Noticed Nergalle
 18818 | Orc:1    | Noticed Erolcha
 19174 | Orc:1    | Killed Nergalle
 19290 | Orc:1    | Cast into level 2 of the Abyss (Erolcha)
 19298 | Abyss:2  | Got a twisted rapier
 19372 | Abyss:2  | Noticed a starcursed mass
 19422 | Abyss:2  | Received a gift from Okawaru
 19423 | Abyss:2  | Got an ebony broad axe {god gift}
 20167 | Abyss:2  | Noticed a starcursed mass
 20269 | Abyss:3  | Noticed a starcursed mass
 20291 | Abyss:3  | Noticed a tentacled starspawn
 20297 | Abyss:3  | Paralysed by accursed screaming for 1 turns
 20298 | Abyss:3  | Killed from afar by a starcursed mass

Levels and vault maps discovered:
D:1:      onia_arrival_mini_spirals, layout_loops_ring
D:2:      layout_loops_cross, first_ration
D:3:      layout_rooms, minmay_misc_feat_doors, hex_intersection, uniq_jessica,
          uniq_sigmund
D:4:      kb_forest_paths, layout_basic, feat_on_display, uniq_grinder,
          uniq_eustachio
D:5:      minmay_razor_zed, layout_basic, minmay_temple_entry_statues_pillars,
          chequers_ossuary_entry_cave, grunt_tough_drop, uniq_blork_the_orc
D:6:      layout_loops_cross
D:7:      layout_rooms, cheibrodos_worm_habitat, chequers_serial_rivers_micro_c,
          uniq_harold, uniq_menkaure
D:8:      layout_layer_cave, lair_entry_dummy, basic_altar
D:9:      layout_basic, minmay_orc_entry_temple_small, uniq_psyche
Temple:   nicolae_temple_the_god_donut
Lair:1:   layout_hall_layers, grunt_megastairs_1
Lair:2:   lemuel_reptile_caves, layout_regular_city, elwin_shoals_entry_rocks,
          gammafunk_ghost_necromancy
Lair:3:   layout_cave_pods, portal_ice_cave_demonic_guard, beast_lair_carwin_10
Lair:4:   layout_regular_city, dummy_snake_entry, gammafunk_ghost_necromancy,
          zaba_anthell, uniq_snorg
Lair:5:   layout_concentric_octagons, nicolae_slime_entry_slimehenge,
          grunt_megastairs_4, serial_bayou_shore_b
Lair:6:   cheibrodos_lair_end_hotspot, layout_layer_cave,
          infiniplex_staircase_pool_2
Orc:1:    layout_caves, uniq_nergalle, uniq_erolcha
Abyss:3:  base: D:1, evilmike_abyss_exit_plants

Skill      XL: |  1  2  3  4  5  6  7  8  9 10 11 12 13 14 |
---------------+-------------------------------------------+-----
Armour         | 4 5 6 8 9 10 11 13 14 | 14.6
Shields        | 4 5 6 8 9 10 11 13 14 | 14.6
Fighting       | 4 5 6 7 9 10 11 13 14 | 14.6
Polearms       | 3 4 6 7 9 10 11 12 13 14 | 14.4
Invocations    | 3 6 7 8 |  8.8

Action                   |  1- 3 |  4- 6 |  7- 9 | 10-12 | 13-15 || total
-------------------------+-------+-------+-------+-------+-------++-------
Melee: Trident           |   116 |   113 |   355 |   290 |       ||   874
       Headbutt          |     6 |    13 |    41 |   129 |   150 ||   339
       Demon trident     |       |       |       |   370 |   779 ||  1149
Invok: Heroism           |       |       |       |     3 |     2 ||     5
  Use: Scroll            |       |       |     6 |    10 |     4 ||    20
       Potion            |       |       |       |     8 |     2 ||    10
 Stab: Distracted        |       |       |       |       |     1 ||     1
  Eat: Chunk             |     2 |     3 |    11 |    19 |    22 ||    57
       Ration            |       |       |       |     1 |     1 ||     2
Armor: Scale mail        |     9 |       |       |       |       ||     9
       Storm dragon scal |    22 |    50 |   115 |   177 |   176 ||   540
       Skin              |       |       |       |    12 |       ||    12
Dodge: Dodged            |    15 |    12 |    52 |    87 |    70 ||   236
Block: Shield            |    49 |    36 |   118 |   153 |       ||   356
       Large shield      |       |       |       |   185 |   481 ||   666
